Match 41015176
Unlisted

Match 41015176
End
Vickers Machine Gun Team
Construct Section Command Post
Selects Australian Defense Battlegroup
Selects Australian Defense Battlegroup
Selects Australian Light Infantry Section
Australian Light Infantry Section
Australian Light Infantry Section
Australian Light Infantry Section
Construct Field Infirmary
Construct Field Infirmary
Selects 2-pounder Anti-tank Gun Team
2-pounder Anti-tank Gun Team
Construct Section Command Post
Construct Platoon Command Post
Selects CMP 15cwt Supply Run
Humber Armored Car
Australian Light Infantry Section
Construct Company Command Post
Selects Reinforced Resource Caches
STALKER4732
SoyaLors
MACS
Cuttysark
十_Fck
High Voltage
6block
はちみつレモン
0
0

Comments sign in to comment!

No comments posted yet!